 Dungeon Crawl Stone Soup version 0.31-a0-1074-g0b22e4e0f1 (webtiles) character file.

Game seed: 2191269435635888504

71680 Strat the Warrior (level 15, -5/149 (150) HPs)
             Began as a Hill Orc Gladiator on Dec 1, 2023.
             Was a High Priest of Okawaru.
             Killed from afar by a tengu conjurer (15 damage)
             ... with a bolt of lightning
             ... on level 13 of the Dungeon.
             The game lasted 00:53:33 (31291 turns).

Strat the Warrior (Hill Orc Gladiator)             Turns: 31291, Time: 00:53:34

HP:   -5/149 (150)  AC: 26    Str: 25    XL:     15   Next: 37%
MP:   20/21         EV: 12    Int:  8    God:    Okawaru [*****.]
Gold: 2964          SH:  0    Dex: 14    Spells: 14/14 levels left

rFire   + . .        a - +6 dire flail (flame)
rCold   + . .        (shield currently unavailable)
rNeg    . . .        t - +2 chain mail {rC+}
rPois   +            g - +2 helmet {SInv}
rElec   .            B - +2 cloak "Oghoti" {SInv}
rCorr   .            (no gloves)
SInv    +            I - +0 pair of boots "Fupsua" {rPois Dex+2}
Will    ++...        (no amulet) Stlth
                     E - ring of willpower
HPRegen 0.44/turn    i - ring of protection from fire
MPRegen 0.17/turn

%: no passive effects
@: heroic, lightly drained
A: no striking features
a: Renounce Religion, Heroism, Finesse, Duel


You were on level 13 of the Dungeon.
You worshipped Okawaru.
Okawaru was extremely pleased with you.
You visited 4 branches of the dungeon, and saw 22 of its levels.
You also visited: Sewer and Ossuary.

You collected 2964 gold pieces.

Inventory:

Hand Weapons
 a - a +6 dire flail of flaming (weapon)
 b - the +10 war axe of Disarray {freeze, Drain Str+2 Int+9 Dex-4}
   (You found it on level 5 of the Dungeon)

   Str+2:     It affects your strength (+2).
   Int+9:     It affects your intelligence (+9).
   Dex-4:     It affects your dexterity (-4).
   Drain:     It drains your maximum health when unequipped.
 r - a +0 morningstar
 F - a +0 spectral flail
 R - a +1 demon trident
Missiles
 c - 8 silver javelins
 d - 9 throwing nets
 e - 8 javelins
 p - 128 stones
 u - 31 poisoned darts
 y - a datura-tipped dart
 A - 10 curare-tipped darts
 L - 10 boomerangs (quivered)
 S - 5 darts of dispersal
Armour
 g - a +2 helmet of see invisible (worn)
 t - a +2 chain mail of cold resistance (worn)
 B - the +2 cloak "Oghoti" (worn) {SInv}
   (Okawaru gifted it to you on level 11 of the Dungeon)

   SInv:      It lets you see invisible.
 I - the +0 pair of boots "Fupsua" (worn) {rPois Dex+2}
   (You found it on level 6 of the Dungeon)

   Dex+2:     It affects your dexterity (+2).
   rPois:     It protects you from poison
Jewellery
 i - a ring of protection from fire (right hand)
 j - a ring of protection from cold
 x - a ring of flight
 D - a ring of poison resistance
 E - a ring of willpower (left hand)
 J - an amulet of the acrobat
 K - a ring of protection from cold
Wands
 v - a wand of iceblast (7)
 N - a wand of flame (17)
Scrolls
 k - 6 scrolls of identify
 o - a scroll of enchant armour
 q - a scroll of fog
 s - 3 scrolls of noise
 z - 3 scrolls of amnesia
 M - a scroll of vulnerability
 O - 2 scrolls of enchant weapon
Potions
 f - 3 potions of magic
 h - 3 potions of enlightenment
 l - a potion of haste
 m - 3 potions of lignification
 n - 9 potions of curing
 w - a potion of mutation
 C - a potion of ambrosia
 G - 2 potions of attraction
 H - a potion of brilliance
 P - a potion of resistance
 Q - a potion of might {unknown}


   Skills:
 + Level 18.7(23.7) Fighting
 - Level 3.2(8.2) Maces & Flails
 + Level 13.3(18.3) Throwing
 + Level 14.5(19.5) Armour
 - Level 2.4(7.4) Dodging
 - Level 8.0 Invocations
 - Level 8.0 Evocations


You had 14 spell levels left.
You didn't know any spells.
Your spell library contained the following spells:

 Spells                   Type           Power      Damage    Failure   Level
 Apportation              Tloc           0%         N/A       77%         1
 Magic Dart               Conj           0%         1d3       77%         1
 Sandblast                Erth           0%         2d4       77%         1
 Shock                    Conj/Air       0%         1d3       77%         1
 Jinxbite                 Hex            0%         N/A       88%         2
 Passwall                 Tmut/Erth      0%         N/A       88%         2
 Searing Ray              Conj           0%         2d4       88%         2
 Dazzling Flash           Conj/Hex       0%         N/A       98%         3
 Mephitic Cloud           Conj/Pois/Air  0%         N/A       98%         3
 Stone Arrow              Conj/Erth      0%         3d7       98%         3
 Swiftness                Air            0%         N/A       98%         3
 Airstrike                Air            0%         2d(0-16)  100%        4
 Brom's Barrelling Bould  Conj/Erth      0%         2d3       100%        4
 Cause Fear               Hex            0%         N/A       100%        4
 Fulminant Prism          Conj/Hex       0%         3d5       100%        4
 Passage of Golubria      Tloc           0%         N/A       100%        4
 Agony                    Necr           0%         N/A       100%        5
 Alistair's Intoxication  Tmut/Pois      0%         N/A       100%        5
 Borgnjor's Vile Clutch   Necr/Erth      0%         N/A       100%        5
 Fireball                 Conj/Fire      0%         3d3       100%        5
 Silence                  Hex/Air        0%         N/A       100%        5
 Yara's Violent Unravell  Hex/Tmut       0%         3d3       100%        5
 Eringya's Noxious Bog    Tmut/Pois      0%         4d6       100%        6
 Call Imp                 Summ           Unusable   N/A       N/A         2
 Tukima's Dance           Hex            Unusable   N/A       N/A         3
 Dragon's Call            Summ           Unusable   N/A       N/A         9

Dungeon Overview and Level Annotations

Branches:
Dungeon (14/15)            Temple (1/1) D:5            Lair (5/5) D:8
  Swamp (0/4) Lair:2        Snake (0/4) Lair:2        Slime (0/5) Lair:5
    Orc (2/2) D:11            Elf (0/3) Orc:2        Vaults (0/5) D:13
  Sewer (visited)         Ossuary (visited)

Altars:
Ashenzari
Cheibriados
Dithmenos
Elyvilon
Fedhas
Gozag
Hepliaklqana
Kikubaaqudgha
Makhleb
Nemelex Xobeh
Okawaru
Qazlal
Ru
Sif Muna
Trog
Uskayaw
Vehumet
Wu Jian
Xom
Yredelemnul
Zin
The Shining One
Jiyva

Shops:
Orc:2 ((?*

Annotations:
Lair:5 exclusion: oklob plant
Orc:2 2 transporters, avis's ghost, journeyman FeSh


Message History

The tengu conjurer hits you.
* * * LOW HITPOINT WARNING * * *
The tengu conjurer pecks you but does no damage.
The tengu conjurer claws you but does no damage.
You gain the combat prowess of a mighty hero.
You closely miss the tengu conjurer. The tengu conjurer misses you.
The tengu conjurer barely misses you. The tengu conjurer closely misses you.
You closely miss the tengu conjurer.
The tengu conjurer points at you and mumbles some strange words.
The bolt of lightning hits you.
* * * LOW HITPOINT WARNING * * *
You miss the tengu conjurer.
The tengu conjurer hits you but does no damage.
The tengu conjurer barely misses you.
The tengu conjurer claws you but does no damage.
You miss the tengu conjurer.
The tengu conjurer hits you but does no damage.
The tengu conjurer pecks you but does no damage.
The tengu conjurer barely misses you.
You puncture the tengu conjurer! You burn the tengu conjurer!
The tengu conjurer is severely wounded.
The tengu conjurer barely misses you. x2; The tengu conjurer misses you.
You closely miss the tengu conjurer.
The tengu conjurer is severely wounded.
The tengu conjurer points at you and mumbles some strange words.
The lance of force hits you!
* * * LOW HITPOINT WARNING * * *
You are knocked back by the lance of force.
The tengu conjurer gestures at you while chanting.
The bolt of lightning hits you!!
* * * LOW HITPOINT WARNING * * *
The tengu conjurer closely misses you. x2
The tengu conjurer claws you but does no damage.
You hit the tengu conjurer. You burn the tengu conjurer.
The tengu conjurer is almost dead.
You completely miss the tengu conjurer.
The tengu conjurer is almost dead.
The tengu conjurer gestures at you while chanting.
The bolt of lightning hits you!
You die...

#...##.#.##.# #.# #.#.# #.#
#......#.##.# ##.# #.#.# #.#
#...####.##(####..###.#.# #.#
#..## #.##.<...#.....#.# #.#
#..# #.###...###......# #.#
#..# #.###.##.#.####### #.#
#..# #.....###>## #.# #..#
####### #Q# #.# #..# #@# #.#
#..## #.# ####.# #...#
#.##########....# ##..#
#.#..........#### #..#
#.#.#######..# #.)# #..#.##
#..##### #..#
######^###.#####..#...#
#..#######.....##
##...##...###.
#..........####.###.#..##..##
##


You could see a tengu conjurer.

Vanquished Creatures
  Jorgrun (D:13)
  Rupert (D:13)
  A fire dragon (Lair:5)
  4 hydras
  3 centaur warriors
  4 two-headed ogres
  3 boulder beetles
  6 death yaks (Lair:1)
  Urug (D:13)
  5 skysharks
  2 spriggan druids (Lair:2)
  3 deep elf pyromancers
  A lindwurm (Lair:5)
  3 orc knights
  2 ugly things (D:13)
  6 cyclopes
  8 elephants
  8 black mambas
  2 molten gargoyles (Lair:5)
  2 gargoyles (D:12)
  8 cane toads
  2 rime drakes (Lair:2)
  10 komodo dragons
  2 efreet
  3 red devils (D:9)
  2 tengu conjurers (D:13)
  Psyche (D:11)
  2 trolls
  2 hornets (Lair:2)
  6 polar bears
  23 blink frogs
  Grinder (D:3)
  Prince Ribbit (D:9)
  4 slime creatures
  6 wyverns
  3 shadows
  A wyvern (shapeshifter) (D:13)
  3 wraiths
  35 yaks
  16 humans (D:13)
  6 steam dragons
  4 basilisks (Lair:5)
  A warg (Orc:1)
  An acid dragon (D:12)
  5 nagas (Lair:2)
  3 hell hounds (Lair:5)
  15 water moccasins
  An ice beast (D:6)
  32 orc warriors
  2 sky beasts
  2 black bears
  6 ogres
  14 centaurs
  22 wolves
  3 phantoms
  4 kobold brigands
  A gnoll sergeant (D:8)
  A scorpion (Lair:1)
  12 bullfrogs
  A troll zombie (D:11)
  34 killer bees
  5 howler monkeys
  4 electric eels
  4 lava snakes (Lair:5)
  15 orc priests
  5 hounds
  4 jellies
  2 sleepcaps (D:7)
  Terence (D:2)
  3 iguanas
  20 orc wizards
  5 ogre zombies (D:11)
  3 mummies (Ossuary)
  Robin (D:3)
  14 gnolls
  14 adders
  3 river rats (Sewer)
  A shadow imp (D:6)
  2 white imps
  3 adder zombies (Ossuary)
  2 worms
  A dart slug (D:2)
  65 orcs
  10 endoplasms
  5 giant cockroaches
  3 gnoll zombies (D:11)
  15 goblins
  16 hobgoblins
  2 jackals (Sewer)
  5 quokkas
  8 ball pythons
  6 bats
  7 frilled lizards
  2 gnoll skeletons (D:11)
  5 goblin zombies (Ossuary)
  3 hobgoblin zombies (Ossuary)
  24 kobolds
  A kobold zombie (Ossuary)
  4 orc skeletons (D:11)
  10 orc zombies (D:11)
  2 quokka zombies (Ossuary)
  10 rats
  4 rat zombies (Ossuary)
686 creatures vanquished.

Vanquished Creatures (others)
  A hell hound (Lair:5)
  An orc wizard (D:6)
2 creatures vanquished.

Grand Total: 688 creatures vanquished

Notes
Turn   | Place    | Note
-------+----------+-------------------------------------------
     0 | D:1      | Strat the Hill Orc Gladiator began the quest for the Orb.
     0 | D:1      | Reached XP level 1. HP: 18/18 MP: 1/1
   123 | D:1      | Reached skill level 1 in Armour
   123 | D:1      | Reached XP level 2. HP: 25/25 MP: 2/2
   147 | D:1      | Reached skill level 3 in Fighting
   606 | D:1      | Reached XP level 3. HP: 30/31 MP: 3/3
  1231 | D:2      | Reached skill level 4 in Fighting
  1231 | D:2      | Reached XP level 4. HP: 40/40 MP: 4/4
  1663 | D:2      | Reached XP level 5. HP: 36/47 MP: 5/5
  1873 | D:2      | Noticed Terence
  1886 | D:2      | Killed Terence
  2130 | D:3      | Found a faded altar of an unknown god.
  2143 | D:3      | Noticed Grinder
  2143 | D:3      | Paralysed by Grinder for 4 turns
  2156 | D:3      | Killed Grinder
  2157 | D:3      | Reached skill level 6 in Fighting
  2157 | D:3      | Reached XP level 6. HP: 44/57 MP: 6/6
  2286 | D:3      | Reached skill level 5 in Armour
  2421 | D:4      | Noticed Robin
  2436 | D:3      | Killed Robin
  2535 | D:4      | Reached skill level 1 in Evocations
  2535 | D:4      | Reached XP level 7. HP: 55/63 MP: 7/7
  2995 | D:4      | Reached skill level 7 in Fighting
  3355 | D:5      | Entered Level 5 of the Dungeon
  3426 | D:5      | Found a sparkling altar of Nemelex Xobeh.
  3562 | D:5      | Found an ornate altar of the Wu Jian Council.
  3671 | D:5      | Reached XP level 8. HP: 73/73 MP: 8/8
  3701 | D:5      | Found a glowing drain.
  3705 | Sewer    | Entered a sewer
  4669 | D:5      | Identified the +10 war axe of Disarray {freeze, Drain Str+2
                  | Int+9 Dex-4}
  4916 | D:5      | Found an ancient bone altar of Kikubaaqudgha.
  5085 | D:5      | Found a staircase to the Ecumenical Temple.
  5093 | D:5      | Reached skill level 8 in Fighting
  5095 | Temple   | Entered the Ecumenical Temple
  5108 | Temple   | Became a worshipper of Warmaster Okawaru
  5477 | D:6      | Found a sand-covered staircase.
  5620 | Ossuary  | Entered an ossuary
  5952 | D:6      | Reached XP level 9. HP: 81/82 MP: 9/9
  5995 | D:6      | Identified the +0 pair of boots "Fupsua" {rPois Dex+2}
  6269 | D:6      | Reached * piety under Okawaru
  6750 | D:7      | Reached skill level 9 in Fighting
  6835 | D:7      | Noticed a cyclops
  6963 | D:7      | Reached ** piety under Okawaru
  7260 | D:7      | Killed a cyclops
  7261 | D:7      | Reached skill level 10 in Fighting
  7822 | D:8      | Found a staircase to the Lair.
  7867 | D:8      | Reached XP level 10. HP: 85/93 MP: 10/10
  8008 | D:8      | Reached skill level 5 in Throwing
  8012 | D:8      | Reached *** piety under Okawaru
  8180 | D:8      | Noticed a deep elf pyromancer
  8191 | D:8      | Killed a deep elf pyromancer
  8192 | D:8      | Reached skill level 10 in Armour
  8192 | D:8      | Reached skill level 1 in Invocations
  8253 | D:8      | Reached skill level 5 in Evocations
  8284 | D:8      | Reached **** piety under Okawaru
  9004 | D:9      | Reached ***** piety under Okawaru
  9324 | D:9      | Noticed Prince Ribbit
  9437 | D:9      | Noticed a deep elf pyromancer
  9444 | D:9      | Killed a deep elf pyromancer
  9445 | D:9      | Reached skill level 11 in Fighting
  9445 | D:9      | Reached skill level 5 in Invocations
  9445 | D:9      | Reached XP level 11. HP: 102/102 MP: 14/14
  9501 | D:9      | Killed Prince Ribbit
 10724 | D:10     | Entered Level 10 of the Dungeon
 11068 | D:10     | Found a sacrificial altar of Ru.
 11134 | D:10     | Identified a scroll of acquirement
 11134 | D:10     | Acquired 1124 gold pieces
 11311 | D:11     | Noticed a two-headed ogre
 11353 | D:11     | Noticed Psyche
 11358 | D:11     | Killed Psyche
 11400 | D:11     | Noticed a two-headed ogre
 11410 | D:11     | Killed a two-headed ogre
 11410 | D:11     | Received a gift from Okawaru
 11656 | D:11     | Found a staircase to the Orcish Mines.
 11797 | D:11     | Reached skill level 12 in Fighting
 12000 | D:11     | Killed a two-headed ogre
 12065 | D:11     | Reached ****** piety under Okawaru
 12066 | D:11     | Acquired the +2 cloak "Oghoti" {SInv}
 12066 | D:11     | Received a gift from Okawaru
 12073 | D:11     | Acquired a +5 heavy dire flail
 12073 | D:11     | Received a gift from Okawaru
 12527 | D:12     | Noticed a cyclops
 12539 | D:12     | Killed a cyclops
 12539 | D:12     | Received a gift from Okawaru
 12649 | D:12     | Noticed a boulder beetle
 12689 | D:12     | Noticed a deep elf pyromancer
 12698 | D:12     | Killed a deep elf pyromancer
 13078 | D:12     | Reached XP level 12. HP: 82/111 MP: 18/18
 13090 | D:12     | Killed a boulder beetle
 13711 | D:13     | Noticed Urug
 13711 | D:13     | Noticed a centaur warrior
 13711 | D:13     | Noticed a two-headed ogre
 13711 | D:13     | Noticed Rupert
 13711 | D:13     | Found a gate to the Vaults.
 13816 | Lair:1   | Entered Level 1 of the Lair of Beasts
 13827 | D:8      | Reached skill level 13 in Fighting
 14311 | Lair:1   | Noticed a death yak
 14311 | Lair:1   | Noticed a death yak
 14331 | Lair:1   | Killed a death yak
 14385 | Lair:1   | Noticed a death yak
 14392 | Lair:1   | Noticed a death yak
 14408 | Lair:1   | Noticed a death yak
 14408 | Lair:1   | Noticed a death yak
 14420 | Lair:1   | Killed a death yak
 14420 | Lair:1   | Received a gift from Okawaru
 14422 | Lair:1   | Killed a death yak
 14438 | Lair:1   | Killed a death yak
 14439 | Lair:1   | Reached skill level 14 in Fighting
 15334 | Lair:1   | Killed a death yak
 15340 | Lair:1   | Killed a death yak
 15341 | Lair:1   | Reached skill level 10 in Throwing
 15630 | Lair:2   | Received a gift from Okawaru
 15631 | Lair:2   | Reached skill level 15 in Fighting
 15907 | Lair:2   | Reached XP level 13. HP: 126/126 MP: 19/19
 16086 | Lair:2   | Found a staircase to the Swamp.
 17180 | Lair:2   | Received a gift from Okawaru
 17739 | Lair:2   | Found a staircase to the Snake Pit.
 18645 | Lair:3   | Reached skill level 16 in Fighting
 20077 | Lair:4   | Received a gift from Okawaru
 20775 | Lair:4   | Identified the +0 ring mail of Articulation {Harm Str+3
                  | Stlth+}
 21069 | Lair:5   | Entered Level 5 of the Lair of Beasts
 21081 | Lair:5   | Reached XP level 14. HP: 74/138 MP: 18/20
 22484 | Lair:5   | Reached skill level 17 in Fighting
 23082 | Lair:5   | HP: 6/140 [skyshark (2)]
 23088 | Lair:5   | HP: 6/140 [cane toad (1)]
 23465 | Lair:5   | Received a gift from Okawaru
 23566 | Lair:5   | Found a viscous altar of Jiyva.
 23588 | Lair:5   | Found a staircase to the Slime Pits.
 24104 | Lair:5   | Received a gift from Okawaru
 24645 | Lair:5   | Found a large runed translucent door.
 24645 | Lair:5   | Found a large runed translucent door.
 26042 | Orc:1    | Entered Level 1 of the Orcish Mines
 26346 | Orc:2    | Entered Level 2 of the Orcish Mines
 27886 | Orc:2    | Found a staircase to the Elven Halls.
 27942 | Orc:2    | Reached skill level 18 in Fighting
 28353 | Orc:2    | Found a transporter.
 28354 | Orc:2    | Found a transporter.
 28354 | Orc:2    | Noticed avis's ghost (journeyman FeSh)
 28355 | Orc:2    | Identified the +11 giant club "Fonun" {heavy, rN+ rCorr
                  | Int-3}
 28355 | Orc:2    | Identified the +9 dire flail "Giomocug" {heavy, rN++ Will+
                  | Str+6}
 28390 | Orc:2    | Found Caesu's Antique Weapon Shop.
 28390 | Orc:2    | Found Fiokamymp's Magic Scroll Shoppe.
 28421 | Orc:2    | Received a gift from Okawaru
 28598 | Orc:2    | Found Hasub's Antique Weapon Boutique.
 28600 | Orc:2    | Found Jorar's Assorted Antiques.
 29049 | D:13     | Reached XP level 15. HP: 106/149 MP: 21/21
 29184 | D:13     | Noticed Jorgrun
 29210 | D:13     | Killed Jorgrun
 30408 | D:13     | Killed Urug
 30697 | D:13     | Paralysed by Rupert for 5 turns
 30721 | D:13     | Killed Rupert
 31291 | D:13     | Killed from afar by a tengu conjurer

Illustrated notes

Levels and vault maps discovered:
D:1:      evilmike_arrival_hilbert_curve, layout_basic
D:2:      minmay_spotlight, layout_loops_cross, uniq_terence
D:3:      layout_rooms, hellmonk_ecumenical_altar_leap_of_faith, uniq_grinder
D:4:      layout_rooms, uniq_robin
D:5:      layout_basic, mainiacjoe_overflow_tiny_flanked,
          nicolae_overflow_crystal_walls, lemuel_doored_altar, temple_green,
          gup_sewer_entry_spiral
D:6:      layout_basic, enter_ossuary_1
D:7:      layout_basic, kennysheep_opposing_triangles
D:8:      layout_loops_cross, dpeg_oklobed_lair, grunt_ministairs_14,
          guppyfry_early_elven_hall
D:9:      layout_basic, einodemon_armed_red_devil_minivault, uniq_prince_ribbit1
D:10:     layout_cross, nicolae_ru_great_annihilating_truth
D:11:     layout_basic, zombieorc1_lemuel, minivault_4, uniq_psyche
D:12:     layout_basic
D:13:     layout_loops_ring, david_vaults_3, uniq_jorgrun, uniq_rupert
D:14:     layout_basic, nicolae_uskayaw_en_pointe,
          portal_ice_cave_entry_ugly_swarm,
          nicolae_concentric_dashed_squares_mild
Temple:   dpeg_three_leaves_temple
Lair:1:   layout_misc_corridors, minivault_11, grunt_megastairs_3
Lair:2:   layout_big_grid, mainiacjoe_swamp_entry_angry_trees,
          minmay_snake_entry_guardpost_medium, serial_bayou_shore_b
Lair:3:   layout_chaotic_city, eino_small_chamber_without_monster,
          cheibrodos_lair_lostbears
Lair:4:   layout_cave_pods, serial_bayou_lake_a
Lair:5:   cheibrodos_lair_end_hotspot, layout_loops_ring,
          minmay_slime_entry_pillars, minmay_lair_oklob_bushes
Orc:1:    layout_caves
Orc:2:    st_orc_rangers, layout_caves, gammafunk_ghost_smash

Skill      XL: |  1  2  3  4  5  6  7  8  9 10 11 12 13 14 15 |
---------------+----------------------------------------------+-----
Armour         | 1 2 3 4 5 6 7 9 10 12 13 14 | 14.5
Fighting       | 3 4 6 7 8 10 11 12 15 16 18 | 18.7
Evocations     | 1 2 4 6 8 |  8.0
Throwing       | 2 4 6 7 10 11 12 13 | 13.3
Invocations    | 5 8 |  8.0
Maces & Flails | |  3.2
Dodging        | |  2.4

Action                     |  1- 3 |  4- 6 |  7- 9 | 10-12 | 13-15 || total
---------------------------+-------+-------+-------+-------+-------++-------
  Melee: Flail             |    94 |   166 |   257 |       |       ||   517
         Punch             |       |     5 |     3 |     5 |       ||    13
         War axe           |       |       |   160 |   299 |       ||   459
         Dire flail        |       |       |       |   267 |  1309 ||  1576
  Throw: Stone             |       |       |       |    18 |       ||    18
 Invoke: Receive Weapon    |       |       |       |     1 |       ||     1
         Receive Armour    |       |       |       |     1 |       ||     1
         Heroism           |       |       |       |     2 |    19 ||    21
         Finesse           |       |       |       |       |     1 ||     1
  Evoke: Wand              |       |     5 |     3 |     3 |       ||    11
    Use: Scroll            |       |       |    20 |    10 |    10 ||    40
         Potion            |       |       |     2 |     8 |     4 ||    14
   Stab: Invisible         |       |       |     1 |     5 |     1 ||     7
         Paralysed         |       |       |       |     1 |       ||     1
         Distracted        |       |       |       |       |     1 ||     1
 Armour: Leather armour    |     7 |       |       |       |       ||     7
         Ring mail         |     5 |       |       |       |       ||     5
         Chain mail        |    53 |   127 |   416 |   667 |  1980 ||  3243
         Scale mail        |       |    17 |       |       |       ||    17
  Dodge: Dodged            |    41 |    79 |   217 |   336 |   972 ||  1645

Table legend: (Time is in decaauts)
 A = Elapsed time spent in this place.
 B = Non-inter-level travel time spent in this place.
 C = Inter-level travel time spent in this place.
 D = Time resting spent in this place.
 E = Time spent auto-exploring this place.
 F = Levels seen in this place.
 G = Mean time per level.
                   A        B        C        D        E       F      G
               +--------+--------+--------+--------+--------+-----+--------+
         Total |  31962 |  30717 |   1245 |   8741 |  15184 |  24 | 1331.8 |
       Dungeon |  16185 |  15404 |    781 |   3019 |   9012 |  14 | 1156.1 |
        Temple |     26 |     14 |     12 |      0 |      0 |   1 |   26.0 |
          Lair |  11905 |  11535 |    370 |   4365 |   4838 |   5 | 2381.0 |
  Orcish Mines |   2728 |   2647 |     81 |   1343 |    636 |   2 | 1364.0 |
         Sewer |    961 |    961 |      0 |     14 |    611 |   1 |  961.0 |
       Ossuary |    154 |    154 |      0 |      0 |     87 |   1 |  154.0 |
               +--------+--------+--------+--------+--------+-----+--------+

Top non-repeatable levels by time:
  Lair:5: 3144 daAuts
  Lair:2: 2739 daAuts
  Lair:4: 2664 daAuts
    D:13: 2262 daAuts
     D:9: 2218 daAuts
  Lair:1: 1810 daAuts
  Lair:3: 1546 daAuts
   Orc:1: 1413 daAuts
     D:8: 1401 daAuts
    D:12: 1389 daAuts
   Orc:2: 1315 daAuts
     D:5: 1280 daAuts
    D:11: 1258 daAuts
     D:7: 1106 daAuts
     D:6: 1034 daAuts
